 Dungeon Crawl Stone Soup version 0.21-a0-29-g43b3074 (webtiles) character file.

344 mopl the Covert (level 6, -8/52 HPs)
             Began as a Naga Assassin on May 26, 2017.
             Mangled by an orc warrior
             ... wielding a +0 flail
              (13 damage)
             ... on level 3 of the Dungeon.
             The game lasted 00:06:00 (2887 turns).

mopl the Covert (Naga Assassin)                     Turns: 2887, Time: 00:06:01

Health: -8/52      AC:  4    Str: 13    XL:     6   Next: 58%
Magic:  6/6        EV:  9    Int: 11    God:
Gold:   117        SH:  0    Dex: 15    Spells: 5/5 levels left

rFire    . . .     SeeInvis +   r - +2 short sword (speed)
rCold    . . .     Gourm    +   (no shield)
rNeg     + . .     Faith    .   c - +0 robe
rPois    +         Spirit   .   (no helmet)
rElec    .         Reflect  .   d - +0 cloak
rCorr    .         Harm     .   (no gloves)
MR       .....                  (no barding)
Stlth    ++++......             o - amulet of the gourmand
Regen    0.2/turn               (no ring)
MPRegen  0.1/turn               u - ring of positive energy

@: short of breath, very slow
A: see invisible, deformed body, poison resistance, slowness 2, slow metabolism
1, spit poison 1, AC +2
a: Spit Poison


You were on level 3 of the Dungeon.
You were not hungry.

You visited 1 branch of the dungeon, and saw 3 of its levels.

You collected 117 gold pieces.

Inventory:

Hand Weapons
 a - a +2 dagger of speed
 b - a +0 blowgun
 r - a +2 short sword of speed (weapon)
Missiles
 e - 4 poisoned needles
 w - 5 javelins (quivered)
Armour
 c - a +0 robe (worn)
 d - a +0 cloak (worn)
Jewellery
 i - an uncursed ring of flight
 o - an amulet of the gourmand (around neck)
 u - a ring of positive energy (right hand)
Scrolls
 l - a scroll of fog {unknown}
 t - 2 scrolls of magic mapping
 v - a scroll of immolation
Potions
 h - a potion of degeneration {unknown}
 j - 2 potions of heal wounds
 k - 3 potions of flight {unknown}
 m - a potion of magic
 n - a potion of curing
Comestibles
 g - a bread ration
 p - 3 fruits
 s - 3 meat rations


   Skills:
 - Level 2.0 Fighting
 + Level 3.9 Short Blades
 + Level 3.1 Throwing
 - Level 0.7 Dodging
 * Level 9.3 Stealth


You had 5 spell levels left.
You didn't know any spells.

Dungeon Overview and Level Annotations

Branches:
Dungeon (3/15)

Altars:
Okawaru
Qazlal
The Shining One


Innate Abilities, Weirdness & Mutations

You cannot wear boots.
Your serpentine skin is tough. (AC +2)
You have supernaturally acute eyesight. (SInv)
Armour fits poorly on your strangely shaped body.
Your system is resistant to poisons. (rPois)
You cover ground very slowly.
You have a slow metabolism.
You can spit poison.


Message History

The orc warrior is lightly wounded.
Unknown command.
Press: ? - help, Shift-Dir - straight line, f/p - orc warrior
Aim: an orc warrior, wielding a flail and wearing a glowing chain mail (lightly wounded, poisoned)
The splash of poison misses the orc warrior.
You feel slightly more hungry.
Unknown command.
Wield which item (- for none, * to show all)? (? for menu, Esc to quit)
Your hands tingle!
r - a +2 short sword of speed (weapon)
You closely miss the orc warrior.
The orc warrior is moderately wounded.
The orc warrior hits you with a flail!
* * * LOW HITPOINT WARNING * * *
You hit the orc warrior but do no damage.
The orc warrior is moderately wounded.
You hit the orc warrior but do no damage.
The orc warrior is moderately wounded.
The orc warrior hits you with a flail!
You die...

*,,,,......).#......+.......#
****,*+*#######.##.....##..##.###
,,,,,*,,........((...............
,*******###......#.....###.......
,,,*,,,,........(#.....# ##...###
**,*,***###....)o#.....# #......
,,,,,,,,,*##+###)#.....# #....#.
**,*,***,*≈≈,≈≈#o#.....# ##...#.
*,*,* *,*≈,*,≈#@####### #.....
*,*,* *,+,***,+.# #..... *,*,*
***≈,*,≈### ##.#.. *,*,* *≈≈,≈≈*
***** #.#.# *,*,*******+***
*,,,###.###
**+*,,,,,,,,,,*********,,,#..>...
*,,,,,,,,,,,,,,,,,,,,,+,,,#######
*,,,,,,,,,,,,,,,,,,,***,,,*
*,,,***************,* *,,,*


You could see an orc warrior and an orc wizard.

Vanquished Creatures
  An orc warrior (D:3)
  Terence (D:2)
  2 orc wizards (D:3)
  5 gnolls (D:2)
  5 adders
  A worm (D:3)
  3 dart slugs
  A leopard gecko (D:1)
  7 orcs
  3 ball pythons
  7 bats
  A giant cockroach (D:3)
  15 goblins
  4 hobgoblins
  5 jackals
  A quokka (D:3)
  3 frilled lizards
  14 kobolds
  7 rats
86 creatures vanquished.

Notes
Turn   | Place    | Note
-------+----------+-------------------------------------------
     0 | D:1      | mopl the Naga Assassin began the quest for the Orb.
     0 | D:1      | Reached XP level 1. HP: 19/19 MP: 1/1
    49 | D:1      | Reached skill level 6 in Stealth
    73 | D:1      | Reached skill level 2 in Throwing
    84 | D:1      | Reached XP level 2. HP: 18/26 MP: 2/2
   545 | D:1      | Reached XP level 3. HP: 32/32 MP: 3/3
   734 | D:2      | Found a faded altar of an unknown god.
   859 | D:2      | Noticed Terence
   879 | D:2      | Killed Terence
   879 | D:2      | Reached skill level 7 in Stealth
   879 | D:2      | Reached XP level 4. HP: 28/39 MP: 4/4
  1172 | D:2      | Found a stormy altar of Qazlal.
  1240 | D:2      | Reached skill level 3 in Short Blades
  1398 | D:2      | Reached XP level 5. HP: 27/45 MP: 5/5
  1595 | D:2      | Reached skill level 8 in Stealth
  1636 | D:2      | Found an iron altar of Okawaru.
  1937 | D:3      | Noticed an orc warrior
  1954 | D:3      | Killed an orc warrior
  1954 | D:3      | Reached skill level 9 in Stealth
  1954 | D:3      | Reached XP level 6. HP: 11/52 MP: 6/6
  1966 | D:3      | HP: 1/52 [orc/hand axe (3)]
  2368 | D:3      | Reached skill level 3 in Throwing
  2686 | D:3      | Found a glowing golden altar of the Shining One.
  2875 | D:3      | Noticed an orc warrior
  2887 | D:3      | Mangled by an orc warrior

Vault maps used:
D:1:      elethiomel_arrival_shortcut, st_stairs_5
D:2:      lemuel_coloured_pillars_altar, chequers_ecumenical_altar_simple,
          okawaru_altar_gauntlet_db, uniq_terence
D:3:      tso_metal_star, kennysheep_generic_room_13

Skill      XL: |  1  2  3  4  5  6 |
---------------+-------------------+-----
Stealth        | 6 7 9 |  9.3
Throwing       | 2 3 |  3.1
Short Blades   | 3 |  3.9
Fighting       | |  2.0
Dodging        | |  0.7

Action                   |  1- 3 |  4- 6 || total
-------------------------+-------+-------++-------
Melee: Dagger            |    67 |     1 ||    68
       Short sword       |       |   163 ||   163
 Fire: Blowgun           |     4 |     6 ||    10
 Abil: Spit Poison       |     5 |    16 ||    21
  Use: Scroll            |       |     7 ||     7
 Stab: Sleeping          |     5 |     9 ||    14
       Distracted        |       |     1 ||     1
  Eat: Chunk             |       |    11 ||    11
Armor: Robe              |    19 |    54 ||    73
Dodge: Dodged            |    47 |    79 ||   126
